 Dungeon Crawl Stone Soup version 0.25.0-46-gbd7b0854d2 (webtiles) character file.

Game seed: 5623814505070207757

9508 Delamore the Basher (level 11, -4/73 HPs)
             Began as a Gargoyle Fighter on July 14, 2020.
             Was a High Priest of Okawaru.
             Slain by a death yak (7 damage)
             ... on level 9 of the Dungeon.
             The game lasted 00:14:10 (10520 turns).

Delamore the Basher (Gargoyle Fighter)             Turns: 10520, Time: 00:14:11

Health: -4/73      AC: 19    Str: 23    XL:     11   Next: 47%
Magic:  0/11       EV:  8    Int:  9    God:    Okawaru [*****.]
Gold:   272        SH: 12    Dex:  9    Spells: 10/10 levels left

rFire    . . .     SeeInvis .   e - +0 whip (venom)
rCold    . . .     Gourm    .   c - +0 kite shield
rNeg     + . .     Faith    .   b - +0 scale mail
rPois    ∞         Spirit   +   (no helmet)
rElec    +         Reflect  .   v - +0 cloak
rCorr    .         Harm     .   y - +1 pair of gloves
MR       .....                  m - +0 pair of boots
Stlth    ..........             A - amulet of guardian spirit
HPRegen  0.22/turn              (no ring)
MPRegen  0.12/turn              (no ring)

@: mighty, starving, studying Stealth
A: negative energy resistance 1, electricity resistance, unbreathing,
petrification resistance, rot immunity, AC +8
a: Heroism, Finesse, Renounce Religion


You were on level 9 of the Dungeon.
You worshipped Okawaru.
Okawaru was extremely pleased with you.
You were starving.

You visited 2 branches of the dungeon, and saw 11 of its levels.
You also visited: Ossuary.

You collected 350 gold pieces.
You spent 78 gold pieces at shops.

Inventory:

Hand Weapons
 e - a +0 whip of venom (weapon)
Missiles
 h - 30 poisoned darts (quivered)
Armour
 b - a +0 scale mail (worn)
 c - a +0 kite shield (worn)
 m - a +0 pair of boots (worn)
 v - a +0 cloak (worn)
 y - a +1 pair of gloves (worn)
Jewellery
 A - an amulet of guardian spirit (around neck)
 I - an uncursed ring of ice
Wands
 x - a wand of digging (3)
 H - a wand of flame (13)
 O - a wand of paralysis (10)
Scrolls
 j - 4 scrolls of remove curse
 k - a scroll of random uselessness
 l - 3 scrolls of teleportation
 n - 3 scrolls of amnesia {unknown}
 o - 4 scrolls of enchant armour
 q - 5 scrolls of enchant weapon
 r - 3 scrolls of magic mapping
 s - 2 scrolls of fear
 w - a scroll of torment
 E - 3 scrolls of noise
Potions
 d - 2 potions of berserk rage {unknown}
 g - a potion of flight {unknown}
 i - a potion of magic {unknown}
 p - 4 potions of degeneration
 t - 2 potions of lignification
 u - a potion of heal wounds
 z - 8 potions of curing
 B - 4 potions of haste {unknown}
 C - a potion of cancellation {unknown}
 D - a potion of invisibility {unknown}
 F - a potion of ambrosia
 N - a potion of brilliance {unknown}
Books
 G - a manual of Stealth
Comestibles
 a - 3 chunks of flesh
 f - 13 rations


   Skills:
 + Level 10.6 Fighting
 - Level 12.0 Maces & Flails
 - Level 3.2 Armour
 + Level 10.5 Shields


You had 10 spell levels left.
You didn't know any spells.
Your spell library contained the following spells:

 Spells                   Type           Power        Failure   Level  Hunger
 Sandblast                Erth           #.....       88%         1    ##.....
 Passwall                 Tmut/Erth      #.......     95%         2    ###....
 Confusing Touch          Hex            #.......     99%         3    ####...
 Gell's Gravitas          Tloc           #.........   99%         3    ####...
 Stone Arrow              Conj/Erth      #.....       99%         3    ####...
 Petrify                  Tmut/Erth      #.......     100%        4    #####..
 Lee's Rapid Deconstruct  Erth           #.........   100%        5    ######.
 Metabolic Englaciation   Hex/Ice        #.........   100%        5    ######.
 Yara's Violent Unravell  Hex/Tmut       #.........   100%        5    ######.


Dungeon Overview and Level Annotations

Branches:
Dungeon (10/15)            Temple (1/1) D:5         Ossuary (visited)
   Lair: D:8-11         Orc: D:9-12

Altars:
Ashenzari
Cheibriados
Dithmenos
Elyvilon
Fedhas
Gozag
Hepliaklqana
Kikubaaqudgha
Makhleb
Nemelex Xobeh
Okawaru
Qazlal
Ru
Sif Muna
Trog
Uskayaw
Vehumet
Wu Jian
Xom
Yredelemnul
Zin
The Shining One

Shops:
D:5 !%[

Annotations:
D:7 4 runed translucent doors


Innate Abilities, Weirdness & Mutations

You are resistant to torment.
Your stone body is resilient. (AC +8)
You are immune to poison.
You resist negative energy. (rN+)
You are resistant to electric shocks. (rElec)
You can survive without breathing.
You are immune to petrification.
You are immune to rotting.


Message History

The howler monkey hoots and howls with incredible vigour!
The hungry ghost hits you.
You feel somewhat more hungry. The death yak gores you!
* * * LOW HITPOINT WARNING * * *
You hear a bellow! x2
You whack the howler monkey!
The howler monkey is poisoned.
The howler monkey is heavily wounded.
You block the wight's attack.
You whack the death yak!
The death yak is poisoned.
The death yak is lightly wounded.
You block the hungry ghost's attack. The death yak completely misses you.
You whack the hungry ghost!
The hungry ghost is moderately damaged.
The wight hits you but does no damage.
You completely miss the hungry ghost.
The hungry ghost is moderately damaged.
The hungry ghost hits you.
You are starving!
The death yak gores you!
You die...

##.###...(..<.. ##.....#.#.#####
#....#.#...# #.##.#....##
#.##.#.#..# ..#Y #.##...##.####
.#.. #.##.........# ..(.. ##
#.......####W## .....
.###.......# #Y@## ......
..##.......# ##Yz## #......
...#.##....######hW#######hY.....
...#.#..YzY.YY((.z>....Y..Yz....#
.......>.##.######.########Y.....
)....##..##..# #.# .....
....###.####.# #.# ...# ..#.# #.#
.. #.# ... .#..# #.# ##. #.# ..


You could see 2 death yaks, 2 hungry ghosts, a howler monkey (very poisoned,
catching breath) and 2 wights.

Vanquished Creatures
  A two-headed ogre (D:8)
  A death yak (D:9)
  An ugly thing (D:6)
  A troll (D:9)
  Prince Ribbit (D:6)
  A hippogriff (D:7)
  A wyvern (D:8)
  4 hogs (D:9)
  5 yaks (D:9)
  A human (D:9)
  Edmund (D:5)
  3 orc warriors
  5 sky beasts
  2 ice beasts
  3 phantoms
  5 ogres
  7 centaurs
  6 bullfrogs
  2 water moccasin zombies
  A wyvern zombie (Ossuary)
  4 scorpions
  4 killer bees (D:8)
  3 howler monkeys
  13 wights
  6 crimson imps
  A centaur zombie (Ossuary)
  4 bullfrog zombies
  3 hounds
  2 jellies
  4 orc priests
  2 gnoll shamans
  A centaur skeleton (D:5)
  4 iguanas
  3 orc wizards
  9 worker ants
  A killer bee zombie (Ossuary)
  2 hound zombies
  18 mummies (Ossuary)
  2 howler monkey zombies (Ossuary)
  A worker ant zombie (Ossuary)
  15 gnolls
  13 adders
  2 shadow imps
  2 oozes (D:1)
  5 adder zombies
  5 adder skeletons
  A worm (D:4)
  2 dart slugs
  5 leopard geckos
  31 orcs
  7 giant cockroaches
  10 goblins
  2 hobgoblins
  7 jackals
  6 kobolds
  2 quokkas
  3 ball pythons
  4 bats
  3 frilled lizards
  2 jackal skeletons
  2 quokka skeletons
  8 rats
276 creatures vanquished.

Vanquished Creatures (others)
  A withered plant (Ossuary)
1 creature vanquished.

Grand Total: 277 creatures vanquished

Notes
Turn   | Place    | Note
-------+----------+-------------------------------------------
     0 | D:1      | Delamore the Gargoyle Fighter began the quest for the Orb.
     0 | D:1      | Reached XP level 1. HP: 14/14 MP: 1/1
    77 | D:1      | Reached XP level 2. HP: 19/19 MP: 2/2
   182 | D:1      | Reached skill level 3 in Maces & Flails
   401 | D:1      | Reached XP level 3. HP: 23/23 MP: 3/3
  1044 | D:2      | Reached skill level 4 in Maces & Flails
  1103 | D:2      | Noticed a phantom
  1367 | D:2      | Killed a phantom
  1367 | D:2      | Reached skill level 5 in Maces & Flails
  1367 | D:2      | Reached XP level 4. HP: 5/28 MP: 4/4
  1367 | D:2      | Reached XP level 5. HP: 6/32 MP: 5/5
  2365 | D:3      | Found a shadowy altar of Dithmenos.
  2599 | D:3      | Reached skill level 6 in Maces & Flails
  2747 | D:3      | Found a hide-covered altar of Uskayaw.
  2747 | D:3      | Found a shadowy altar of Dithmenos.
  2747 | D:3      | Found a sparkling altar of Nemelex Xobeh.
  2825 | D:4      | Reached XP level 6. HP: 37/37 MP: 6/6
  2942 | D:4      | Found a sand-covered staircase.
  2948 | Ossuary  | Entered an ossuary
  3010 | Ossuary  | Reached skill level 7 in Maces & Flails
  3034 | Ossuary  | Reached XP level 7. HP: 23/41 MP: 7/7
  3053 | Ossuary  | Reached skill level 8 in Maces & Flails
  3482 | Ossuary  | Reached skill level 9 in Maces & Flails
  3482 | Ossuary  | Reached XP level 8. HP: 46/46 MP: 8/8
  4286 | D:5      | Entered Level 5 of the Dungeon
  4290 | D:5      | Reached skill level 10 in Maces & Flails
  4568 | D:5      | Found Pesaut's Food Shoppe.
  4742 | D:5      | Found Bimi's Distillery.
  4746 | D:5      | Bought a potion of degeneration for 13 gold pieces
  4746 | D:5      | Bought a potion of heal wounds for 65 gold pieces
  4881 | D:5      | Found a staircase to the Ecumenical Temple.
  4986 | Temple   | Entered the Ecumenical Temple
  5205 | Temple   | Became a worshipper of Warmaster Okawaru
  5357 | D:5      | Reached skill level 11 in Maces & Flails
  5357 | D:5      | Reached XP level 9. HP: 42/51 MP: 5/9
  5477 | D:5      | Noticed Edmund
  5490 | D:5      | Killed Edmund
  5664 | D:5      | Found Ryigguv's Armour Shoppe.
  5959 | D:6      | Noticed Prince Ribbit
  5970 | D:6      | Killed Prince Ribbit
  6226 | D:6      | Reached * piety under Okawaru
  6226 | D:6      | Reached skill level 12 in Maces & Flails
  6775 | D:6      | Identified the +7 long sword "Ceocroow" {vorpal, Str+6
                  | Stlth+}
  6916 | D:6      | Noticed a cyan ugly thing
  6937 | D:6      | Killed a cyan ugly thing
  6937 | D:6      | Reached skill level 5 in Fighting
  6937 | D:6      | Reached skill level 5 in Shields
  7228 | D:6      | Reached XP level 10. HP: 40/61 MP: 6/10
  7231 | D:6      | Reached ** piety under Okawaru
  7342 | D:6      | Found a basalt altar of Yredelemnul.
  7902 | D:7      | Found a huge runed translucent gate.
  7902 | D:7      | Found a huge runed translucent gate.
  7902 | D:7      | Found a huge runed translucent gate.
  7902 | D:7      | Found a huge runed translucent gate.
  7902 | D:7      | Noticed a manticore
  8836 | D:8      | Reached *** piety under Okawaru
  9192 | D:8      | Found a hazy altar of Hepliaklqana.
  9329 | D:8      | Noticed a two-headed ogre
  9338 | D:8      | Killed a two-headed ogre
  9465 | D:8      | Reached XP level 11. HP: 66/71 MP: 9/11
  9802 | D:8      | Reached **** piety under Okawaru
  9937 | D:9      | Reached skill level 10 in Fighting
  9964 | D:9      | Reached skill level 10 in Shields
 10335 | D:9      | Found a burning altar of Makhleb.
 10336 | D:9      | Found a shimmering altar of Xom.
 10405 | D:9      | Noticed a death yak
 10406 | D:9      | Noticed a death yak
 10428 | D:9      | Noticed a death yak
 10429 | D:9      | Noticed a death yak
 10434 | D:9      | Noticed a death yak
 10437 | D:9      | Noticed a death yak
 10445 | D:9      | Noticed a death yak
 10467 | D:9      | Killed a death yak
 10467 | D:9      | Reached ***** piety under Okawaru
 10484 | D:10     | Entered Level 10 of the Dungeon
 10484 | D:10     | Found a sparkling altar of Nemelex Xobeh.
 10516 | D:9      | HP: 2/73 [death yak (6)]
 10520 | D:9      | Slain by a death yak

Illustrated notes

Levels and vault maps discovered:
D:1:      tarquinn_simple_flora_water_b, layout_loops_ring,
          corexii_hall_statues_i
D:2:      layout_basic, serial_bayou, serial_bayou_crossing,
          serial_bayou_pond_c, serial_bayou_lake_a, serial_bayou_pond_e,
          chequers_decorated_corner
D:3:      layout_basic, gammafunk_temple_overflow_forgotten,
          grunt_dithmenos_smoke
D:4:      layout_cave_pools, first_ration, enter_ossuary_2, grunt_ministairs_6
D:5:      layout_basic, minmay_temple_entry_glassed_door, serial_shops,
          nicolae_shop_stone, shop, shop, uniq_edmund
D:6:      layout_layer_cave, kennysheep_mini, minmay_manual_monolith,
          uniq_prince_ribbit1
D:7:      lemuel_bear_cage, layout_basic
D:8:      layout_basic, kennysheep_mini_moat
D:9:      layout_rooms, grunt_temple_overflow_champion_of_chaos,
          dpeg_lair_monsters, grunt_livestock, hangedman_abyss_or_decor_stagger
D:10:     layout_cave_pools, enter_trove_2, nemelex_xobeh_ov_fountains_minmay
Temple:   regret_index_temple_generic_petals

Skill      XL: |  1  2  3  4  5  6  7  8  9 10 11 |
---------------+----------------------------------+-----
Maces & Flails | 3 5 6 7 9 11 12 | 12.0
Fighting       | 6 9 10 | 10.6
Shields        | 6 9 10 | 10.5
Armour         | |  3.2

Action                   |  1- 3 |  4- 6 |  7- 9 | 10-12 || total
-------------------------+-------+-------+-------+-------++-------
Melee: Flail             |   149 |   177 |   484 |   239 ||  1049
       Long sword        |       |       |    40 |   122 ||   162
       Whip              |       |       |       |   123 ||   123
Throw: Dart              |       |       |     3 |     3 ||     6
  Use: Potion            |     1 |     5 |     1 |     2 ||     9
       Scroll            |       |       |     6 |     4 ||    10
 Stab: Invisible         |       |       |       |     1 ||     1
  Eat: Chunk             |     1 |     6 |    11 |     8 ||    26
       Ration            |       |       |     1 |     1 ||     2
Armor: Scale mail        |    71 |    97 |   254 |   272 ||   694
       Skin              |       |    19 |       |       ||    19
Dodge: Dodged            |    32 |    48 |   125 |   159 ||   364
Block: Kite shield       |    69 |    72 |   230 |   309 ||   680
       Rpst.: Long sword |       |       |     5 |    17 ||    22
